 Dungeon Crawl Stone Soup version 0.28.0 (webtiles) character file.

Game seed: 2080096733153114381

181 crazypyro the Chopper (level 5, -5/47 HPs)
             Began as a Minotaur Fighter on Feb 9, 2022.
             Slain by a gnoll (10 damage)
             ... on level 3 of the Dungeon.
             The game lasted 00:01:28 (1705 turns).

crazypyro the Chopper (Minotaur Fighter)            Turns: 1705, Time: 00:01:29

Health: -5/47      AC:  8    Str: 23    XL:     5   Next: 34%
Magic:  4/4        EV:  9    Int:  5    God:
Gold:   109        SH:  4    Dex:  9    Spells: 4/4 levels left

rFire   . . .      SeeInvis .   a - +1 war axe
rCold   . . .      Faith    .   c - +0 buckler
rNeg    . . .      Spirit   .   b - +1 scale mail
rPois   .          Reflect  .   (helmet restricted)
rElec   .          Harm     .   (no cloak)
rCorr   .          Rampage  .   (no gloves)
Will    .....                   (no boots)
Stlth   ..........              (no amulet)
HPRegen 0.15/turn               (no ring)
MPRegen 0.09/turn               (no ring)

@: no status effects
A: horns 2, retaliatory headbutt
a: no special abilities


You were on level 3 of the Dungeon.
You visited 1 branch of the dungeon, and saw 3 of its levels.

You collected 109 gold pieces.

Inventory:

Hand Weapons
 a - a +1 war axe (weapon)
Armour
 b - a +1 scale mail (worn)
 c - a +0 buckler (worn)
Scrolls
 e - 4 scrolls of identify
Potions
 d - a potion of might
 f - a potion of cancellation {unknown}
 g - a potion of brilliance
 l - a potion of lignification
 m - a potion of attraction


   Skills:
 - Level 4.3 Fighting
 * Level 5.3 Axes
 - Level 4.3 Armour
 - Level 4.3 Shields


You had 4 spell levels left.
You didn't know any spells.
Your spell library contained the following spells:

 Spells                   Type           Power      Damage    Failure   Level
 Frozen Ramparts          Ice            0%         1d2       99%         3
 Ignite Poison            Fire/Tmut/Pois 0%         N/A       99%         3
 Mephitic Cloud           Conj/Pois/Air  0%         N/A       99%         3
 Ice Form                 Ice/Tmut       0%         N/A       100%        4
 Summon Ice Beast         Ice/Summ       0%         N/A       100%        4
 Freezing Cloud           Conj/Ice/Air   0%         6-21      100%        5


Dungeon Overview and Level Annotations

Branches:
Dungeon (3/15)

Altars:
Xom


Innate Abilities, Weirdness & Mutations

You have a pair of horns on your head.
You reflexively headbutt those who attack you in melee.


Message History

A gnoll comes into view. It is wielding a +0 halberd.
There are monsters nearby!
There are monsters nearby!
A gnoll comes into view. It is wielding a +0 halberd.
The gnoll shouts! x2
A gnoll comes into view. It is wielding a +0 halberd.
A bat comes into view.
A worm comes into view.
The gnoll closely misses you.
The bat moves out of view.
You hit the gnoll. Your headbutt misses the gnoll.
The gnoll is lightly wounded.
The gnoll hits you from afar with a +0 halberd.
The gnoll barely misses you.
The gnoll hits you from afar with a +0 halberd.
You closely miss the gnoll.
The gnoll is lightly wounded.
The gnoll hits you from afar with a +0 halberd.
The gnoll hits you with a +0 flail. You block the gnoll's attack.
You hit the gnoll.
The gnoll is moderately wounded.
You block the gnoll's attack. The gnoll hits you with a +0 flail.
The gnoll hits you from afar with a +0 halberd!
The gnoll misses you.
You are too injured to fight recklessly!
You hit the gnoll.
The gnoll is severely wounded.
You block the gnoll's attack.
The gnoll hits you from afar with a +0 halberd.
The gnoll closely misses you. The gnoll barely misses you.
You slash the gnoll!
You kill the gnoll!
The gnoll misses you. You block the gnoll's attack.
The gnoll hits you but does no damage.
Found 3 scrolls of amnesia.
The gnoll hits you with a +0 halberd.
* * * LOW HITPOINT WARNING * * *
The gnoll closely misses you. The gnoll hits you with a +0 halberd!
* * * LOW HITPOINT WARNING * * *
Things that are here:
a +0 flail; a gnoll corpse The gnoll hits you from afar with a +0 halberd!
You die... .... . ... #. ..# #. #.. #.#..### ?bwg.

#gg# #)# .#
#@# .# #.#
.. #
#.##.#.#
#..#.#.#
##.#...#
#...#
####..#
..##..#
####.##..##


You could see a worm, 3 gnolls and a bat.

Vanquished Creatures
  A black bear (D:2)
  3 adders
  A gnoll (D:3)
  An adder skeleton (D:2)
  2 worms (D:2)
  A dart slug (D:1)
  A ball python (D:2)
  6 endoplasms
  A giant cockroach (D:3)
  6 goblins
  5 hobgoblins
  4 jackals (D:1)
  2 quokkas (D:1)
  A bat (D:1)
  5 frilled lizards
  3 kobolds (D:2)
  5 rats
48 creatures vanquished.

Notes
Turn   | Place    | Note
-------+----------+-------------------------------------------
     0 | D:1      | crazypyro the Minotaur Fighter began the quest for the Orb.
     0 | D:1      | Reached XP level 1. HP: 19/19 MP: 0/0
    71 | D:1      | Reached XP level 2. HP: 27/27 MP: 1/1
   371 | D:1      | Reached skill level 3 in Axes
   680 | D:2      | Noticed a black bear
   687 | D:2      | Killed a black bear
   688 | D:2      | Reached skill level 4 in Axes
   688 | D:2      | Reached XP level 3. HP: 26/34 MP: 2/2
   688 | D:2      | Reached XP level 4. HP: 32/41 MP: 3/3
   914 | D:2      | Found a shimmering altar of Xom.
  1248 | D:2      | Reached XP level 5. HP: 47/47 MP: 4/4
  1557 | D:3      | Reached skill level 5 in Axes
  1705 | D:3      | Slain by a gnoll

Illustrated notes

Levels and vault maps discovered:
D:1:      scummos_arrival_hexagon, layout_basic
D:2:      layout_loops_corners, basic_altar, minmay_tromino_v7
D:3:      cheibrodos_old_hovel, layout_basic, hangedman_feature_mirror,
          hangedman_decor_push, uniq_crazy_yiuf_cottage, uniq_jessica

Skill      XL: |  1  2  3  4  5 |
---------------+----------------+-----
Axes           | 4 5 |  5.3
Fighting       | 4 |  4.3
Armour         | 4 |  4.3
Shields        | 4 |  4.3

Action                   |  1- 3 |  4- 6 || total
-------------------------+-------+-------++-------
Melee: War axe           |    35 |    58 ||    93
       Headbutt          |     5 |     5 ||    10
  Use: Scroll            |       |     8 ||     8
Armor: Scale mail        |    21 |    22 ||    43
Dodge: Dodged            |    18 |    33 ||    51
Block: Buckler           |     7 |    21 ||    28
